 Dungeon Crawl Stone Soup version 0.17.2-1-ge4368a0 (webtiles) character file.

723 Goblin1989 the Ruffian (level 7, -4/63 HPs)
             Began as a Troll Hunter on Oct 20, 2016.
             Was an Initiate of Cheibriados.
             Slain by an orc wizard
             ... wielding the cursed +1 war axe "Virphuf" {chop, rN+}
              (6 damage)
             ... on level 4 of the Dungeon on Oct 21, 2016.
             The game lasted 00:08:02 (2937 turns).

Goblin1989 the Ruffian (Troll Hunter)               Turns: 2937, Time: 00:08:04

Health: -4/63      AC:  6    Str: 22    XL:     7   Next: 43%
Magic:  6/6        EV: 10    Int: 17    God:    Cheibriados [......]
Gold:   209        SH:  0    Dex: 13    Spells: 0 memorised, 6 levels left

rFire  + . .     SeeInvis .       - Unarmed
rCold  + . .     Clarity  .     q - +1 robe {rC+ rF+}
rNeg   . . .     SustAt   .     (no shield)
rPois  .         Gourm    +     (helmet restricted)
rElec  .         Spirit   .     (no cloak)
rCorr  .         Warding  .     (gloves unavailable)
rMut   .         Stasis   .     (boots unavailable)
MR     .....                    (no amulet)
Stlth  +.........               (no ring)
                                w - +4 ring of intelligence

@: brilliant, lethally poisoned (-4 -> -6), very slow, not resistant to hostile
enchantments, very unstealthy
A: unfitting armour, claws 3, fast metabolism 3, gourmand, regeneration 2,
shaggy fur 1, tough skin 2
a: Bend Time, Renounce Religion


You were on level 4 of the Dungeon.
You worshipped Cheibriados.
Cheibriados was noncommittal.
You were completely stuffed.

You visited 1 branch of the dungeon, and saw 4 of its levels.

You collected 284 gold pieces.
You spent 75 gold pieces at shops.

Inventory:

Hand Weapons
 s - a +0 giant spiked club
Missiles
 c - 5 large rocks (quivered) {!d}
 Z - 2 throwing nets {=f, !d}
Armour
 q - a +1 robe of resistance (worn)
Jewellery
 w - a +4 ring of intelligence (left claw)
Wands
 l - a wand of flame (33)
Scrolls
 d - 6 scrolls of identify {unknown}
 g - 2 scrolls of remove curse {unknown}
 h - 2 scrolls of teleportation {unknown}
 j - a scroll of enchant armour {unknown}
 r - a scroll of magic mapping {unknown}
 u - a scroll of fear {unknown}
 B - a scroll of blinking
Potions
 a - a potion of curing {unknown}
 b - a potion of resistance {unknown}
 f - a potion of brilliance
 i - 2 potions of might {unknown}
 k - a potion of poison {unknown}
 m - a potion of cancellation {unknown}
 o - a potion of invisibility {unknown}
 p - a potion of berserk rage {unknown}
Comestibles
 e - 6 bread rations {@e1}
 n - 2 meat rations {@e2}
 t - 4 chunks of flesh {@w0}
 v - a slice of pizza


   Skills:
 + Level 1.9 Fighting
 - Level 3.6 Throwing
 + Level 1.0 Armour
 - Level 1.5 Dodging
 - Level 0.4 Stealth
 * Level 7.8 Unarmed Combat
 + Level 0.8 Invocations


You had 6 spell levels left.
You didn't know any spells.

Dungeon Overview and Level Annotations

Branches:
Dungeon (4/15)
 Temple: D:4-7

Altars:
Cheibriados
Sif Muna
Zin

Shops:
D:4 *}%%

Annotations:
D:4 exclusion: door


Innate Abilities, Weirdness & Mutations

You are too large for most types of armour.
You have claws for hands.
Your metabolism is lightning-fast.
You like to eat raw meat.
You heal very quickly.
You are covered in fur (AC +1).
You have very tough skin (AC +2).


Message History

The orc wizard flickers and vanishes!
Deactivating autopickup; reactivate with Ctrl-A.
The quokka closely misses you. The worker ant barely misses you.
The rat barely misses you.
You take 1 damage, and have 10/63 hp.
You scratch something but do no damage.
You feel sick. The quokka closely misses you. Something hits you.
* * * LOW HITPOINT WARNING * * *
x2 The worker ant bites you but does no damage.
You take 7 damage, and have 3/63 hp.
Unknown command.
Drink which item? (? for menu, Esc to quit)
It was a potion of brilliance.
You feel clever all of a sudden.
* * * LOW HITPOINT WARNING * * *
You feel sick. The rat bites you but does no damage.
The quokka closely misses you.
The worker ant bites you but does no damage.
Something hits you.
You die...

........█
████.█.█.███.........█
........█
█.█.....█.........█
.......██ █.█
█.█.█.........█ .......█
█████.. █.█...........█
.......█
█...█.███.███.........█
.......█
██....................██
......██
█.......)...████....███
......█ █........████
.████ .....██
.$....{@r.█ .█ .....█
......ar..█ .█ .....█
..........█ ....██
......(...█ ....█
..........█ ...██
........<.. ...█
...........█ ..██
...........█ ███


You could see a worker ant, a quokka and a rat.

Vanquished Creatures
  An ogre (D:4)
  3 scorpions (D:4)
  A water moccasin skeleton (D:4)
  A hound (D:4)
  An orc priest (D:4)
  5 orc wizards
  2 worker ants (D:4)
  Natasha (thrice) (D:3)
  4 gnolls (D:4)
  4 adders
  An ooze (D:2)
  3 worms
  A giant gecko (D:3)
  2 orcs (D:3)
  3 giant cockroaches
  12 hobgoblins
  2 jackals (D:3)
  10 kobolds
  4 quokkas
  2 ball pythons
  7 bats
  2 giant newts
  6 goblins
  9 rats
89 creatures vanquished.

Notes
Turn   | Place    | Note
--------------------------------------------------------------
     0 | D:1      | Goblin1989 the Troll Hunter began the quest for the Orb.
     0 | D:1      | Reached XP level 1. HP: 19/19 MP: 0/0
    69 | D:1      | Reached skill level 1 in Unarmed Combat
   174 | D:1      | Reached XP level 2. HP: 25/27 MP: 1/1
   838 | D:2      | Reached XP level 3. HP: 33/33 MP: 2/2
  1587 | D:3      | Reached skill level 4 in Unarmed Combat
  1587 | D:3      | Reached XP level 4. HP: 32/41 MP: 3/3
  1715 | D:3      | Noticed Natasha
  1722 | D:3      | Reached XP level 5. HP: 48/48 MP: 4/4
  1727 | D:3      | Killed Natasha
  1727 | D:3      | Reached skill level 5 in Unarmed Combat
  1783 | D:3      | Noticed Natasha
  1789 | D:3      | Killed Natasha
  1794 | D:3      | Noticed Natasha
  1798 | D:3      | Killed Natasha
  2122 | D:4      | Found Tusais's Food Shoppe.
  2293 | D:4      | Reached skill level 6 in Unarmed Combat
  2293 | D:4      | Reached XP level 6. HP: 55/55 MP: 5/5
  2354 | D:4      | Found Gofeoddo's Food Boutique.
  2383 | D:4      | Found a deep blue altar of Sif Muna.
  2494 | D:4      | Found Xiere's General Store.
  2513 | D:4      | Bought a scroll of blinking for 75 gold pieces
  2541 | D:4      | Found Roluf's Gadget Shoppe.
  2647 | D:4      | Reached skill level 7 in Unarmed Combat
  2658 | D:4      | Noticed an ogre
  2667 | D:4      | Killed an ogre
  2667 | D:4      | Reached XP level 7. HP: 24/62 MP: 6/6
  2734 | D:4      | Found a glowing silver altar of Zin.
  2741 | D:4      | Found a snail-covered altar of Cheibriados.
  2753 | D:4      | Became a worshipper of Cheibriados the Contemplative
  2933 | D:4      | Reached skill level 1 in Armour
  2936 | D:4      | HP: 3/63 [something (2)]
  2937 | D:4      | Identified the cursed +1 war axe "Virphuf" {chop, rN+}
  2937 | D:4      | Slain by an orc wizard

Action                   |  1- 3 |  4- 6 |  7- 9 || total
-------------------------+-------+-------+-------++-------
Melee: Unarmed           |   144 |    93 |    21 ||   258
  Use: Potion            |       |       |     1 ||     1
 Stab: Sleeping          |     4 |       |       ||     4
       Distracted        |       |     1 |       ||     1
  Eat: Chunk             |    17 |    10 |     6 ||    33

Vault maps used:
D:1:      minmay_arrival_cross
D:3:      first_bread, uniq_natasha
D:4:      led_sif_book, grunt_temple_overflow_open, serial_shops, shop,
          nicolae_shop_crystal, shop_coins, shop, minmay_misc_feat_roman,
          minmay_misc_feat_enclosed, minmay_liquid_box
